[Event "Int SVK-ch Open 2020"]
[Site "Drienica"]
[Date "2020.08.13"]
[Round "5.21"]
[White "Demeter Peter"]
[Black "Zahradnik Vladimir"]
[Result "1-0"]
[ECO "A20"]
[WhiteElo "2139"]
[BlackElo "1874"]
[Annotator "ChessBase"]
[PlyCount "113"]
[EventDate "2020.08.07"]
[EventType "swiss"]
[EventCountry "SVK"]
[TimeControl "40/5400+30:1800+30"]

1. c4 e5 2. d3 h6 3. Nf3 Nc6 4. g3 Nf6 5. Bg2 Bb4+ 6. Nfd2 d6 7. O-O O-O 8. a3 Bc5 9. b4 Bd4 10. Ra2 a5 11. e3 Bb6 12. b5 Ne7 13. Nc3 c6 14. Na4 Bc7 15. Rb2 cxb5 16. Rxb5 Bd7 17. Rxb7 Bc6 18. Bxc6 Nxc6 19. Nc3 Qc8 20. Rb5 Qh3 21. Qf3 e4 22. Ndxe4 Nxe4 23. Nxe4 Ne5 24. Qe2 f5 25. Nc3 f4 26. exf4 Nc6 27. Qh5 Qd7 28. Be3 Rae8 29. Ne4 Ne7 30. Nc3 Nf5 31. Nd5 Bd8 32. Rfb1 Qe6 33. Rb7 g6 34. Qf3 h5 35. Nc7 Bxc7 36. Rxc7 Rf7 37. Rxf7 Kxf7 38. Rb7+ Re7 39. Rxe7+ Qxe7 40. Qd5+ Kg7 41. h4 Kh7 42. Qe4 Qd7 43. d4 Qa4 44. Qd3 Qc6 45. d5 Qe8 46. c5 dxc5 47. Bxc5 Qd7 48. d6 Kg8 49. Qd5+ Kf8 50. Qa8+ Kf7 51. Qxa5 Ke6 52. Qe1+ Kd5 53. Qe5+ Kc6 54. Bb4 Kb7 55. Qd5+ Ka6 56. Qg8 Nxh4 57. Qc4+ 1-0

[Event "Int SVK-ch Open 2020"]
[Site "Drienica"]
[Date "2020.08.11"]
[Round "5.21"]
[White "Magda, Filip"]
[Black "Cisarik, Pavol"]
[Result "1-0"]
[ECO "C44"]
[WhiteElo "1266"]
[BlackElo "1646"]
[Annotator "NA RC"]
[PlyCount "129"]
[EventDate "2020.08.07"]
[EventType "swiss"]
[EventCountry "SVK"]
[SourceTitle "playchess.com"]
[Source "ChessBase"]
[SourceQuality "1"]
[TimeControl "40/5400+30:1800+30"]

1. e4 e5 2. Nf3 Nc6 3. d4 exd4 4. Nxd4 Nf6 5. Nxc6 bxc6 6. Nc3 Bb4 7. Qd3 Qe7 8. Bd2 O-O 9. f3 d5 10. Be2 Bb7 11. exd5 cxd5 12. O-O c5 13. Bg5 Bxc3 14. bxc3 h6 15. Bh4 Rfe8 16. Rfe1 Qd6 17. Bg3 Qc6 18. Qb5 Re6 19. Rab1 Qxb5 20. Bxb5 Rc8 21. Rxe6 fxe6 22. Be5 Kf7 23. Bd7 Nxd7 24. Rxb7 Ke8 25. Bxg7 h5 26. Rxa7 Rb8 27. c4 d4 28. Bh6 Rb2 29. Ra8+ Ke7 30. Bg5+ Kd6 31. Bf4+ e5 32. Ra6+ Kc7 33. Ra7+ Kc8 34. Bg5 Rxc2 35. Ra8+ Kb7 36. Rd8 Kc7 37. Ra8 Kb7 38. Rd8 Nb6 39. Be7 Rxc4 40. Bf6 Ra4 41. Bxe5 Rxa2 42. Kf1 Nc4 43. Bf4 Kc6 44. g4 hxg4 45. fxg4 Nb6 46. g5 Nd5 47. Rd6+ Kb5 48. Rxd5 Kc4 49. Rd8 Kd3 50. g6 Ke4 51. Rf8 Ra7 52. Rf7 Ra1+ 53. Kg2 Ra2+ 54. Kh3 Ra8 55. g7 Rg8 56. Bh6 d3 57. Rf4+ Ke5 58. Rf8 Rxg7 59. Bxg7+ Ke4 60. Rd8 Ke3 61. Kg4 c4 62. h4 Ke2 63. h5 d2 64. Rxd2+ Kxd2 65. h6 1-0

[Event "Int SVK-ch Open 2020"]
[Site "Drienica"]
[Date "2020.08.11"]
[Round "5.22"]
[White "Sevcik, Lubomir"]
[Black "Horbalova, Ivana"]
[Result "1-0"]
[ECO "A04"]
[WhiteElo "1748"]
[BlackElo "1311"]
[Annotator "NA"]
[PlyCount "75"]
[EventDate "2020.08.07"]
[EventType "swiss"]
[EventCountry "SVK"]
[SourceTitle "playchess.com"]
[Source "ChessBase"]
[SourceQuality "1"]
[TimeControl "40/5400+30:1800+30"]

1. Nf3 f5 2. d4 e6 3. Bg5 Be7 4. Bxe7 Nxe7 5. e3 b6 6. Ne5 Ba6 7. Qf3 d5 8. Qh5+ g6 9. Qh6 Rf8 10. Bxa6 Nxa6 11. Qxh7 Nb4 12. Na3 Qd6 13. c3 O-O-O 14. Nf7 Rxf7 15. Qxf7 Nd3+ 16. Ke2 Nxb2 17. Nc2 Qd7 18. Kf3 Nc4 19. g3 Nd6 20. Qh7 Ne4 21. Kg2 Nxc3 22. Ne1 Ne4 23. Nf3 Re8 24. Rhc1 Qb5 25. Rc2 g5 26. Qf7 Nd6 27. Qxe6+ Kb7 28. Rac1 Nc4 29. Ne5 Nc8 30. Qf7 N8d6 31. Qh5 f4 32. Qxg5 fxe3 33. fxe3 Ne4 34. Qf4 Qa4 35. Nxc4 dxc4 36. Rxc4 Qxa2+ 37. R1c2 Qb3 38. Qxc7+ 1-0

[Event "Int SVK-ch Open 2020"]
[Site "Drienica"]
[Date "2020.08.11"]
[Round "5.23"]
[White "Andras, Anton"]
[Black "Tomcik, Milan"]
[Result "0-1"]
[ECO "A45"]
[WhiteElo "1584"]
[BlackElo "1963"]
[Annotator "ChessBase"]
[PlyCount "46"]
[EventDate "2020.08.07"]
[EventType "swiss"]
[EventCountry "SVK"]
[SourceTitle "playchess.com"]
[Source "ChessBase"]
[SourceQuality "1"]
[TimeControl "40/5400+30:1800+30"]

1. d4 Nf6 2. Bf4 d6 3. Nf3 g6 4. c3 Bg7 5. Nbd2 O-O 6. h3 Nbd7 7. e3 Re8 8. Be2 e5 9. Bg5 h6 10. Bh4 c5 11. Ne4 Qc7 12. Nxf6+ Nxf6 13. O-O Bf5 14. Re1 a6 15. Bg3 Nh7 16. Qd2 Rad8 17. Rad1 Qe7 18. Bc4 e4 19. Nh2 h5 20. Nf1 h4 21. Bh2 Ng5 22. Bf4 Bxh3 23. gxh3 Nf3+ 0-1

[Event "Int SVK-ch Open 2020"]
[Site "Drienica"]
[Date "2020.08.13"]
[Round "5.24"]
[White "Varga, Lukas"]
[Black "Sosovickova Jana"]
[Result "1-0"]
[ECO "C78"]
[WhiteElo "2000"]
[BlackElo "1829"]
[Annotator "ChessBase"]
[PlyCount "111"]
[EventDate "2020.08.07"]
[EventType "swiss"]
[EventCountry "SVK"]
[TimeControl "40/5400+30:1800+30"]

1. e4 e5 2. Nf3 Nc6 3. Bb5 a6 4. Ba4 Nf6 5. O-O b5 6. Bb3 Bc5 7. Nxe5 Nxe5 8. d4 Bxd4 9. Qxd4 Qe7 10. f4 Nc6 11. Qe3 O-O 12. e5 Ng4 13. Qf3 Nh6 14. f5 Qxe5 15. f6 Kh8 16. Nc3 Ng8 17. fxg7+ Qxg7 18. Ne4 Nd4 19. Qf2 Nxb3 20. axb3 d6 21. Bd2 Qg6 22. Nf6 Nxf6 23. Bc3 Bb7 24. Bxf6+ Kg8 25. b4 Rae8 26. Ra3 Re4 27. h3 Rfe8 28. Rg3 Re2 29. Rxg6+ hxg6 30. Qg3 Rxg2+ 31. Qxg2 Bxg2 32. Kxg2 Re2+ 33. Rf2 Re4 34. c3 c5 35. bxc5 dxc5 36. Rd2 Re8 37. Rd8 Kf8 38. Kf3 Rxd8 39. Bxd8 Ke8 40. Bb6 c4 41. Ke4 Kd7 42. Kd5 g5 43. Ke5 Ke7 44. Kf5 f6 45. Bd4 a5 46. Bxf6+ Kd6 47. Bd8 b4 48. Bxa5 b3 49. Ke4 Kc5 50. Bb4+ Kb5 51. Kd5 Ka4 52. Kxc4 g4 53. h4 g3 54. h5 g2 55. Bc5 Ka5 56. h6 1-0

[Event "Int SVK-ch Open 2020"]
[Site "Drienica"]
[Date "2020.08.11"]
[Round "5.25"]
[White "Kapolkova, Greta"]
[Black "Magda, Juraj"]
[Result "1-0"]
[ECO "B32"]
[WhiteElo "1545"]
[BlackElo "1261"]
[Annotator "NA"]
[PlyCount "37"]
[EventDate "2020.08.07"]
[EventType "swiss"]
[EventCountry "SVK"]
[SourceTitle "playchess.com"]
[Source "ChessBase"]
[SourceQuality "1"]
[TimeControl "40/5400+30:1800+30"]

1. e4 c5 2. Nf3 Nc6 3. d4 cxd4 4. Nxd4 g6 5. Be2 Bg7 6. Nb3 d6 7. O-O Nf6 8. Nc3 O-O 9. Bg5 Bd7 10. f4 Qb6+ 11. Kh1 Be6 12. Bf3 Bxb3 13. axb3 Nd4 14. Na4 Qb4 15. c3 Qxb3 16. cxd4 Qb4 17. Qd3 h6 18. Bh4 e6 19. Be1 1-0

[Event "Int SVK-ch Open 2020"]
[Site "Drienica"]
[Date "2020.08.12"]
[Round "6.2"]
[White "Tomcik, Milan"]
[Black "Tomcikova, Zuzana"]
[Result "1/2-1/2"]
[ECO "A05"]
[WhiteElo "1963"]
[BlackElo "1776"]
[Annotator "ChessBase"]
[PlyCount "36"]
[EventDate "2020.08.07"]
[EventType "swiss"]
[EventCountry "SVK"]
[SourceTitle "playchess.com"]
[Source "ChessBase"]
[SourceQuality "1"]
[TimeControl "40/5400+30:1800+30"]

1. Nf3 Nf6 2. g3 e6 3. Bg2 d5 4. d3 c5 5. O-O Nc6 6. Nbd2 Be7 7. e4 Qc7 8. c3 O-O 9. Qe2 dxe4 10. dxe4 b6 11. Re1 Bb7 12. e5 Nd5 13. Nf1 Rfd8 14. h4 Na5 15. N1h2 c4 16. Nd4 a6 17. Be4 b5 18. Qg4 Nc6 1/2-1/2

[Event "Int SVK-ch Open 2020"]
[Site "Drienica"]
[Date "2020.08.13"]
[Round "6.3"]
[White "Manik, Mikulas"]
[Black "Lehocz, Jozsef"]
[Result "1-0"]
[ECO "B03"]
[WhiteElo "2366"]
[BlackElo "1959"]
[Annotator "ChessBase"]
[PlyCount "51"]
[EventDate "2020.08.07"]
[EventType "swiss"]
[EventCountry "SVK"]
[TimeControl "40/5400+30:1800+30"]

1. e4 Nf6 2. e5 Nd5 3. d4 Nb6 4. Nf3 d5 5. a4 Bg4 6. Be2 e6 7. Ng5 Bxe2 8. Qxe2 Be7 9. Qh5 Bxg5 10. Bxg5 Qd7 11. O-O Nc6 12. c3 Na5 13. Nd2 Nbc4 14. Nxc4 dxc4 15. f4 h6 16. f5 Rf8 17. Bh4 c6 18. Rf2 Rc8 19. Raf1 c5 20. fxe6 Qxe6 21. d5 Qxd5 22. Rd1 Qe4 23. e6 g6 24. Qxc5 Nc6 25. e7 Rg8 26. Qxc6+ 1-0

[Event "Int SVK-ch Open 2020"]
[Site "Drienica"]
[Date "2020.08.13"]
[Round "6.4"]
[White "Macko, Michal"]
[Black "Orsag, Milan"]
[Result "1/2-1/2"]
[ECO "D00"]
[WhiteElo "2148"]
[BlackElo "2300"]
[Annotator "ChessBase"]
[PlyCount "126"]
[EventDate "2020.08.07"]
[EventType "swiss"]
[EventCountry "SVK"]
[TimeControl "40/5400+30:1800+30"]

1. d4 d5 2. Bf4 Nf6 3. e3 g6 4. Nc3 Bg7 5. h4 h6 6. Qd2 c6 7. Bd3 Nbd7 8. Nf3 O-O 9. e4 dxe4 10. Nxe4 Nxe4 11. Bxe4 Nf6 12. Bd3 Bg4 13. c3 Bxf3 14. gxf3 Qd5 15. O-O-O h5 16. Qe2 Qxa2 17. Bc4 Qa4 18. Rhg1 b5 19. Bd3 Nd5 20. Be5 Bh6+ 21. Kb1 Qb3 22. Ka1 Qa4+ 23. Kb1 Kh7 24. f4 f5 25. Rxg6 Nxc3+ 26. bxc3 Qb3+ 27. Ka1 Qa3+ 28. Kb1 Qb3+ 29. Kc1 Qxc3+ 30. Bc2 Qa3+ 31. Kd2 Qb4+ 32. Ke3 Qa3+ 33. Bd3 Kxg6 34. Rg1+ Kf7 35. Qxh5+ Ke6 36. Qxh6+ Kd7 37. Qg6 Rae8 38. Bg7 Rf6 39. Qh7 Re6+ 40. Be5 c5 41. d5 Rxe5+ 42. fxe5 c4 43. Rd1 f4+ 44. Kxf4 cxd3 45. Qf5+ Kc7 46. Rxd3 Qb4+ 47. Kf3 Kb8 48. d6 exd6 49. exd6 a6 50. d7 Rd8 51. Qf6 Qf8 52. Qxf8 Rxf8+ 53. Ke4 Kc7 54. Ke5 Kd8 55. f4 Rh8 56. Rd6 Rxh4 57. Rxa6 Kxd7 58. Rb6 Ke8 59. Rxb5 Rh5+ 60. f5 Rh6 61. Rb7 Kf8 62. Rd7 Ra6 63. Rd8+ Kf7 1/2-1/2

[Event "Int SVK-ch Open 2020"]
[Site "Drienica"]
[Date "2020.08.13"]
[Round "6.5"]
[White "Istona, Martin"]
[Black "Bombek, Peter"]
[Result "1-0"]
[ECO "C02"]
[WhiteElo "2267"]
[BlackElo "2181"]
[Annotator "ChessBase"]
[PlyCount "65"]
[EventDate "2020.08.07"]
[EventType "swiss"]
[EventCountry "SVK"]
[TimeControl "40/5400+30:1800+30"]

1. e4 e6 2. d4 d5 3. e5 c5 4. c3 Bd7 5. Nf3 Nc6 6. Be2 Nge7 7. O-O Ng6 8. g3 Be7 9. h4 cxd4 10. cxd4 O-O 11. h5 Nh8 12. Nbd2 f6 13. h6 g6 14. exf6 Bxf6 15. Nb3 Nf7 16. Nc5 b6 17. Nxd7 Qxd7 18. Bb5 a6 19. Bxc6 Qxc6 20. Bf4 g5 21. Be3 Kh8 22. Rc1 Qd6 23. Kg2 Nxh6 24. Nxg5 Nf7 25. Nxh7 Kxh7 26. Rh1+ Kg8 27. Qh5 Nh6 28. Qg6+ Bg7 29. Rxh6 Rf6 30. Qh7+ Kf7 31. Rxf6+ Kxf6 32. Bg5+ Kf7 33. Bf4 1-0

[Event "Int SVK-ch Open 2020"]
[Site "Drienica"]
[Date "2020.08.12"]
[Round "6.5"]
[White "Lehocz, Jozsef Jr."]
[Black "Durica, Andrej"]
[Result "1/2-1/2"]
[ECO "C23"]
[WhiteElo "1534"]
[BlackElo "1911"]
[Annotator "ChessBase"]
[PlyCount "73"]
[EventDate "2020.08.07"]
[EventType "swiss"]
[EventCountry "SVK"]
[SourceTitle "playchess.com"]
[Source "ChessBase"]
[SourceQuality "1"]
[TimeControl "40/5400+30:1800+30"]

1. e4 e5 2. Bc4 f5 3. d3 Nf6 4. Nc3 Bb4 5. Nf3 Nc6 6. O-O Bxc3 7. bxc3 d6 8. Ng5 Qe7 9. Bf7+ Kf8 10. Bb3 Na5 11. Qe2 Nxb3 12. cxb3 h6 13. Nf3 fxe4 14. dxe4 Bg4 15. h3 Bh5 16. g4 Nxg4 17. hxg4 Bxg4 18. Qd3 Bh3 19. Re1 Qe6 20. Nh2 g5 21. Re3 g4 22. Ba3 Kg7 23. Qd5 Qxd5 24. exd5 Raf8 25. c4 b6 26. b4 Rf4 27. c5 Rhf8 28. Re2 h5 29. cxd6 cxd6 30. b5 R8f6 31. Rd1 h4 32. Rd3 Rg6 33. Ree3 Rgf6 34. Re2 Rg6 35. Ree3 Rgf6 36. Rd2 Rg6 37. Rdd3 1/2-1/2

[Event "Int SVK-ch Open 2020"]
[Site "Drienica"]
[Date "2020.08.12"]
[Round "6.6"]
[White "Ferkova, Dominika"]
[Black "Kukan, Michal"]
[Result "1-0"]
[ECO "E81"]
[WhiteElo "2111"]
[BlackElo "1769"]
[Annotator "ChessBase"]
[PlyCount "67"]
[EventDate "2020.08.07"]
[EventType "swiss"]
[EventCountry "SVK"]
[SourceTitle "playchess.com"]
[Source "ChessBase"]
[SourceQuality "1"]
[TimeControl "40/5400+30:1800+30"]

1. d4 Nf6 2. c4 g6 3. Nc3 Bg7 4. e4 d6 5. f3 O-O 6. Be3 Nbd7 7. Nge2 e5 8. d5 a6 9. Qd2 Nb6 10. Ng3 Ne8 11. Bd3 f5 12. Bf2 Bd7 13. Rb1 Kh8 14. b4 f4 15. Nge2 Qg5 16. g3 Bh6 17. h4 Qe7 18. g4 Rf7 19. c5 Nc8 20. a4 Qf8 21. Bc4 Bxg4 22. fxg4 f3 23. g5 fxe2 24. Qxe2 Bg7 25. h5 Rf3 26. Be3 gxh5 27. Rxh5 Ne7 28. Kd2 Rg3 29. Rf1 Qg8 30. Qh2 Rg4 31. Be2 Rf4 32. Rh1 Qf7 33. Rxh7+ Kg8 34. Rh8+ 1-0

[Event "Int SVK-ch Open 2020"]
[Site "Drienica"]
[Date "2020.08.13"]
[Round "6.6"]
[White "Frink, Ferenc"]
[Black "Mrvova, Alena"]
[Result "0-1"]
[ECO "B20"]
[WhiteElo "2075"]
[BlackElo "2188"]
[Annotator "ChessBase"]
[PlyCount "142"]
[EventDate "2020.08.07"]
[EventType "swiss"]
[EventCountry "SVK"]
[TimeControl "40/5400+30:1800+30"]

1. e4 c5 2. b3 b6 3. Bb2 Bb7 4. d3 d5 5. Nd2 d4 6. Be2 e5 7. Nh3 Ne7 8. O-O Ng6 9. Bg4 Bd6 10. Bf5 Nc6 11. Qh5 Qf6 12. g3 h6 13. Rae1 Nge7 14. Qg4 g6 15. Bd7+ Kd8 16. Bxc6 Nxc6 17. Qe2 g5 18. Nc4 Bc7 19. Qh5 b5 20. Nd2 Rg8 21. f3 Ba5 22. Re2 Nb4 23. Ba3 Nxc2 24. Bxc5 Ne3 25. Rxe3 dxe3 26. Bxe3 Bb6 27. Re1 Rc8 28. Nf2 Rg6 29. h4 Bxe3 30. Rxe3 Rc1+ 31. Nf1 gxh4 32. Ng4 Qe7 33. d4 exd4 34. Rd3 Qg5 35. Rxd4+ Ke8 36. Qxg5 hxg5 37. Kg2 Rc2+ 38. Kh3 Bc8 39. Nfe3 Rxa2 40. gxh4 Rh6 41. h5 Rxh5+ 42. Kg3 Bxg4 43. Kxg4 Rh1 44. Kxg5 Ra6 45. Nd5 Rg6+ 46. Kf5 Rh5+ 47. Kf4 Kf8 48. Ne3 Rh4+ 49. Ke5 Re6+ 50. Kf5 Rhh6 51. Rd8+ Ke7 52. Ra8 Rhf6+ 53. Kg4 Rg6+ 54. Kf4 Ra6 55. Nf5+ Kd7 56. Rf8 f6 57. Rf7+ Kd8 58. Rb7 Rg1 59. Rxb5 Rb6 60. Rd5+ Kc7 61. Nd4 a6 62. Kf5 Rg5+ 63. Kf4 Rxd5 64. exd5 Kd6 65. Ke4 Rb4 66. Ke3 Kxd5 67. Nf5 Ke5 68. Ne7 Rxb3+ 69. Ke2 Rc3 70. Ng6+ Kd4 71. Ne7 Re3+ 0-1

[Event "Int SVK-ch Open 2020"]
[Site "Drienica"]
[Date "2020.08.13"]
[Round "6.7"]
[White "Hros, Roman"]
[Black "Brhel, Jan"]
[Result "1-0"]
[ECO "C68"]
[WhiteElo "2199"]
[BlackElo "2042"]
[Annotator "ChessBase"]
[PlyCount "123"]
[EventDate "2020.08.07"]
[EventType "swiss"]
[EventCountry "SVK"]
[TimeControl "40/5400+30:1800+30"]

1. e4 e5 2. Nf3 Nc6 3. Bb5 a6 4. Bxc6 dxc6 5. d4 exd4 6. Qxd4 Qxd4 7. Nxd4 Bd7 8. Nc3 Bb4 9. Nde2 Ne7 10. Be3 c5 11. a3 Bxc3+ 12. Nxc3 b6 13. Rd1 O-O-O 14. f3 Be6 15. Kf2 Rd6 16. Bf4 Rxd1 17. Rxd1 Rd8 18. Rxd8+ Kxd8 19. g4 Nc6 20. Ne2 g6 21. Be3 Ne5 22. h3 Nc4 23. Bc1 f6 24. h4 Nd6 25. Kg3 Ke7 26. Bf4 Bc4 27. Nc3 Ke6 28. b3 Nb5 29. Nxb5 Bxb5 30. Bxc7 c4 31. bxc4 Bxc4 32. Bxb6 Be2 33. Kf4 h6 34. h5 Bb5 35. hxg6 Be8 36. Ke3 Bxg6 37. f4 Be8 38. f5+ Ke7 39. Bc5+ Kf7 40. Kd3 Ba4 41. Be3 Kg7 42. c4 Bd1 43. c5 Kf7 44. Bxh6 Bxg4 45. Kd4 Ke7 46. Bf4 Bd1 47. c6 Bc2 48. c7 Kd7 49. Bd6 Bb1 50. Ke3 a5 51. Kf4 Bd3 52. e5 Ba6 53. Ke4 Kc6 54. Kf4 Kd7 55. exf6 Ke8 56. Ke4 Kf7 57. Be5 Bc8 58. Kd5 Bxf5 59. Kc6 Bc8 60. Kb6 a4 61. Ka7 Ke6 62. Kb8 1-0

[Event "Int SVK-ch Open 2020"]
[Site "Drienica"]
[Date "2020.08.12"]
[Round "6.9"]
[White "Socko, Weronika"]
[Black "Steiniger, Florian"]
[Result "1/2-1/2"]
[ECO "A40"]
[WhiteElo "1741"]
[BlackElo "1889"]
[Annotator "NA RC"]
[PlyCount "84"]
[EventDate "2020.08.07"]
[EventType "swiss"]
[EventCountry "SVK"]
[SourceTitle "playchess.com"]
[Source "ChessBase"]
[SourceQuality "1"]
[TimeControl "40/5400+30:1800+30"]

1. d4 g6 2. Nf3 Bg7 3. c4 c5 4. e3 cxd4 5. Nxd4 Nc6 6. Nc3 d6 7. Be2 Nh6 8. O-O Nxd4 9. exd4 Nf5 10. d5 O-O 11. Bd2 Bd7 12. Rc1 Rc8 13. b4 a6 14. Ne4 Qe8 15. Bc3 Ba4 16. Qd3 Bh6 (16... Bd7 $16) 17. f4 Bg7 18. Bxg7 Nxg7 19. Qh3 Bd7 20. g4 h5 21. f5 f6 22. Ng3 hxg4 23. Bxg4 g5 24. Rfe1 Qd8 25. Re4 ({Better is} 25. c5 $16) 25... Be8 (25... b5 $11) 26. Rce1 (26. Qh6 $16) 26... Rf7 (26... Qb6+ $11 27. Kg2 Qxb4) 27. Qh6 b5 28. Qh3 $2 (28. Bh5 $18 e5 29. fxe6) 28... Rxc4 ({Of course not} 28... bxc4 $6 29. Qh6 $11) 29. Qf1 Qb6+ 30. Kh1 Qc7 31. Bd1 Rxe4 32. Rxe4 Bd7 33. h4 $2 (33. Bg4 $17 {is a better defense.}) 33... Qc3 34. Rg4 gxh4 35. Nh5 Kf8 36. Qg2 Qe1+ ({Worse is} 36... Bxf5 37. Rxg7 Qe1+ 38. Kh2 $15) 37. Kh2 Qe5+ ({Worse is} 37... Qxd1 38. Rxg7 Qh1+ 39. Kxh1 Ke8 40. Rg8+ Rf8 41. Rxf8+ {[%mdl 64] Back Rank} Kxf8 42. Qg7+ Ke8 43. Qg8#) 38. Kh1 $19 Qe1+ 39. Kh2 Qe5+ 40. Kh1 Qe1+ 41. Kh2 Qe5+ 42. Kh3 Bxf5 1/2-1/2

[Event "Int SVK-ch Open 2020"]
[Site "Drienica"]
[Date "2020.08.12"]
[Round "6.10"]
[White "Malinovsky, Jozef"]
[Black "Bakalar, Jan"]
[Result "1/2-1/2"]
[ECO "D45"]
[WhiteElo "1698"]
[BlackElo "1896"]
[Annotator "NA"]
[PlyCount "38"]
[EventDate "2020.08.07"]
[EventType "swiss"]
[EventCountry "SVK"]
[SourceTitle "playchess.com"]
[Source "ChessBase"]
[SourceQuality "1"]
[TimeControl "40/5400+30:1800+30"]

1. c4 c6 2. Nf3 d5 3. e3 Nf6 4. Nc3 a6 5. d4 e6 6. a3 dxc4 7. Bxc4 b5 8. Ba2 Nbd7 9. O-O Bb7 10. b4 a5 11. Rb1 axb4 12. axb4 Nb6 13. Ne5 $11 Nbd5 14. Nxd5 Rxa2 15. Nxf6+ gxf6 16. Nd3 Rg8 17. Nc5 Bc8 18. Qf3 Bd7 19. Rd1 f5 1/2-1/2

[Event "Int SVK-ch Open 2020"]
[Site "Drienica"]
[Date "2020.08.13"]
[Round "6.11"]
[White "Ihnat, Marek"]
[Black "Garancovsky, Pavol"]
[Result "1/2-1/2"]
[ECO "A43"]
[WhiteElo "2065"]
[BlackElo "2027"]
[Annotator "ChessBase"]
[PlyCount "259"]
[EventDate "2020.08.07"]
[EventType "swiss"]
[EventCountry "SVK"]
[TimeControl "40/5400+30:1800+30"]

1. e4 e6 2. d4 c5 3. d5 d6 4. Nc3 Nf6 5. Nf3 exd5 6. exd5 a6 7. a4 Be7 8. h3 Nbd7 9. Bf4 b6 10. Bc4 Nf8 11. O-O Ng6 12. Bh2 O-O 13. Re1 Re8 14. Qd3 h6 15. Re2 Nh5 16. Qd2 Bd7 17. Rae1 Bf8 18. Rxe8 Bxe8 19. Bd3 Nh4 20. Qe2 Nxf3+ 21. Qxf3 Nf6 22. Bf4 Bd7 23. Kh1 Nh7 24. Qg3 Qf6 25. Ne4 Qxb2 26. Bxh6 c4 27. Bxc4 Re8 28. Bd3 f5 29. f3 fxe4 30. fxe4 Nf6 31. Rf1 Qe5 32. Qg6 b5 33. axb5 axb5 34. Bg5 Be7 35. Bh6 Bf8 36. Bg5 Nh7 37. Qf7+ Kh8 38. Qxd7 Nxg5 39. Rf5 Qe7 40. Qxb5 Nf7 41. Qb1 g6 42. Rf4 Bh6 43. Rf2 Ne5 44. g3 Rf8 45. Qf1 Rxf2 46. Qxf2 Qf8 47. Qxf8+ Bxf8 48. Kg2 Kg7 49. Kf2 Kf6 50. Be2 Bh6 51. Bf1 Nf7 52. h4 Ke5 53. Bd3 Kd4 54. g4 Bc1 55. h5 Ne5 56. hxg6 Nxg6 57. Kg3 Bf4+ 58. Kf3 Bg5 59. Kg3 Ne5 60. Ba6 Kxe4 61. Bb7 Kd4 62. Ba8 Kc3 63. Bb7 Kxc2 64. Bc8 Kd3 65. Be6 Kd4 66. Bg8 Ng6 67. Bf7 Nf4 68. Bg8 Nxd5 69. Be6 Nf4 70. Bg8 Ke3 71. Ba2 Ng6 72. Bb3 Bh4+ 73. Kh3 Be1 74. Kg2 Kf4 75. Ba2 Kxg4 76. Be6+ Kf4 77. Ba2 Ke3 78. Bb3 Nh4+ 79. Kh3 Kf4 80. Bd5 Bg3 81. Ba8 Ng6 82. Bb7 Be1 83. Ba8 Kg5 84. Bb7 Nf4+ 85. Kh2 Kh4 86. Ba8 Bg3+ 87. Kh1 Kh3 88. Kg1 Ng6 89. Bb7 Nh4 90. Bc6 Kg4 91. Bb7 Ng6 92. Bc8+ Kf4 93. Bb7 Ne7 94. Kg2 d5 95. Bxd5 Nxd5 96. Kh1 Kg4 97. Kg2 Nf4+ 98. Kg1 Kh3 99. Kh1 Nd3 100. Kg1 Bh2+ 101. Kf1 Kg3 102. Ke2 Ne5 103. Ke3 Kg4 104. Ke4 Bf4 105. Kd5 Kf5 106. Kd4 Nf7 107. Kd5 Be5 108. Kc5 Ke6 109. Kc6 Bd6 110. Kb5 Kd5 111. Kb6 Ne5 112. Kb7 Nd7 113. Ka8 Kc6 114. Ka7 Nb6 115. Ka6 Nd7 116. Ka7 Bc5+ 117. Ka8 Nb6+ 118. Kb8 Bd6+ 119. Ka7 Bc7 120. Ka6 Bd6 121. Ka7 Nd5 122. Ka8 Bc5 123. Kb8 Nc7 124. Kc8 Na6 125. Kd8 Nc7 126. Kc8 Ba7 127. Kd8 Nb5 128. Kc8 Nd6+ 129. Kd8 Nf5 130. Ke8 1/2-1/2

[Event "Int SVK-ch Open 2020"]
[Site "Drienica"]
[Date "2020.08.12"]
[Round "6.11"]
[White "Budjac, Martin"]
[Black "Nandrazi, Dominik"]
[Result "0-1"]
[ECO "A33"]
[WhiteElo "1511"]
[BlackElo "1875"]
[Annotator "NA"]
[PlyCount "114"]
[EventDate "2020.08.07"]
[EventType "swiss"]
[EventCountry "SVK"]
[SourceTitle "playchess.com"]
[Source "ChessBase"]
[SourceQuality "1"]
[TimeControl "40/5400+30:1800+30"]

1. d4 c5 2. c4 e6 3. Nf3 Nf6 4. Nc3 cxd4 5. Nxd4 Nc6 6. g3 Bc5 7. Nb3 Be7 8. Bg2 {[%emt 0:01:51] [#]} Ne5 $146 {[%emt 0:02:06] A33: Symmetrical English: 2 Nf3 Nf6 3 d4 cxd4 4 Nxd4 e6 5 Nc3 Nc6.} ({Predecessor:} 8... O-O 9. Bf4 b6 10. O-O Ba6 11. Nb5 Rc8 12. Nd6 Rc7 13. Rc1 Nh5 14. Be3 Nf6 15. Bf4 Nh5 16. Be3 Nf6 17. Bf4 {½-½ (17) Gelfand,B (2695)-Mamedyarov,S (2809) Moscow 2018}) 9. Nd2 h5 10. h3 h4 11. g4 Qc7 12. b3 Ng6 13. e3 d5 14. Bb2 dxc4 15. Nxc4 Bd7 16. O-O (16. g5 $5 Nh7 17. Ne4 $16) 16... Bc6 17. Rc1 Rd8 18. Qe2 Bxg2 19. Kxg2 O-O 20. Qf3 Nh7 21. Ne4 Qb8 22. Rfd1 Rd5 23. Rc2 b5 24. Na5 Qa8 25. Rxd5 exd5 26. Nc3 Bb4 27. Nb7 Bxc3 $1 28. Bxc3 Qxb7 29. Rd2 Rd8 30. Bd4 Ng5 31. Qf5 Ne4 32. Rc2 Qd7 33. Qh5 Nf6 34. Qg5 Rc8 35. Rxc8+ Qxc8 36. Bxf6 gxf6 37. Qxf6 Qe6 38. Qg5 Qe4+ 39. Kg1 Kg7 40. Qd8 Ne5 41. Qg5+ Ng6 42. Qd8 Qf3 43. g5 Qf5 44. Kg2 Ne5 45. Qxd5 Qxg5+ 46. Kf1 Qf5 47. Kg2 Kg6 48. e4 Qg5+ (48... Qf3+ $142 49. Kg1 Nd3 50. Qf5+ Qxf5 51. exf5+ Kxf5) 49. Kf1 Nf3 50. Qc6+ Kh7 51. Qe8 Qg1+ 52. Ke2 Nd4+ 53. Ke3 Nc2+ 54. Kf3 Qd1+ 55. Kf4 Qh5 (55... Qd2+ $142 56. Kg4 Qxf2) 56. Qd8 Ne1 57. Qd6 Ng2# 0-1

[Event "Int SVK-ch Open 2020"]
[Site "Drienica"]
[Date "2020.08.13"]
[Round "6.12"]
[White "Sankova, Stella"]
[Black "Demeter, Peter"]
[Result "0-1"]
[ECO "A05"]
[WhiteElo "1990"]
[BlackElo "2139"]
[Annotator "ChessBase"]
[PlyCount "54"]
[EventDate "2020.08.07"]
[EventType "swiss"]
[EventCountry "SVK"]
[TimeControl "40/5400+30:1800+30"]

1. Nf3 Nf6 2. c4 c5 3. b3 g6 4. Bb2 Bg7 5. g3 O-O 6. Bg2 Nc6 7. O-O d5 8. cxd5 Qxd5 9. Ne5 Qd6 10. Nxc6 bxc6 11. Na3 Bg4 12. Rc1 Nd7 13. Bxg7 Kxg7 14. d3 Qe6 15. Rc2 Bh3 16. Nb1 h5 17. e3 Bxg2 18. Kxg2 h4 19. Qf3 hxg3 20. Qxg3 Rh8 21. Nd2 Rh5 22. Nf3 Rah8 23. Rc4 Rh3 24. Qf4 Qd5 25. Qe4 Rxf3 26. Kxf3 Qh5+ 27. Kf4 e5+ 0-1

[Event "Int SVK-ch Open 2020"]
[Site "Drienica"]
[Date "2020.08.12"]
[Round "6.12"]
[White "Zahradnik, Vladimir"]
[Black "Ganzova, Veronika"]
[Result "0-1"]
[ECO "A16"]
[WhiteElo "1874"]
[BlackElo "1614"]
[Annotator "NA"]
[PlyCount "74"]
[EventDate "2020.08.07"]
[EventType "swiss"]
[EventCountry "SVK"]
[SourceTitle "playchess.com"]
[Source "ChessBase"]
[SourceQuality "1"]
[TimeControl "40/5400+30:1800+30"]

1. c4 Nf6 2. Nc3 g6 3. g3 Bg7 4. Bg2 d6 5. Rb1 O-O 6. b4 {[%emt 0:00:49] A16: English Opening: 1...Nf6 with ...d5.} e5 7. d3 Nbd7 8. Nf3 Nh5 {[%emt 0:01:11] [#]} 9. Qb3 $146 ({Predecessor:} 9. b5 Nc5 10. a4 f5 11. Bg5 Qe8 12. Nd5 Ne6 13. Bd2 f4 14. Ba5 Qf7 15. O-O {1-0 (52) Daly,C (2380)-Thomas,J (1988) Turin 2006}) 9... Kh8 10. O-O h6 11. d4 exd4 12. Nb5 Ne5 13. Nbxd4 Rb8 14. Bb2 Bg4 15. h3 Bd7 16. b5 Qc8 17. Kh2 g5 18. Ng1 f5 19. f4 gxf4 20. gxf4 Ng6 21. e3 Bf6 22. Ndf3 ({White should play} 22. Qd1 $14 Ng7 23. Nge2) 22... Qd8 23. Ne2 Rg8 24. Bd4 Bxd4 25. Nexd4 Nh4 26. Nxh4 Qxh4 27. Rf3 Rg7 28. Rg1 Rbg8 29. Ne2 Nf6 30. Qc3 Be8 31. e4 Nxe4 32. Qb2 Bh5 33. Re3 Bxe2 34. Bxe4 Qf2+ {[%emt 0:01:11] Double Attack} 35. Rg2 Qxe3 36. Bd5 Qxf4+ 37. Kg1 Bf3 0-1